 Dungeon Crawl Stone Soup version 0.27-a0-1590-g15f69828bf (webtiles) character file.

Game seed: 16290389877701781462

280 flotson the Sneak (level 6, -2/48 HPs)
             Began as a Demonspawn Delver on July 19, 2021.
             Splashed by Ijyb's acid (12 damage)
             ... on level 4 of the Dungeon.
             The game lasted 00:04:07 (3973 turns).

flotson the Sneak (Demonspawn Delver)               Turns: 3973, Time: 00:04:07

Health: -2/48      AC:  3    Str: 15    XL:     6   Next: 5%
Magic:  6/6        EV: 13    Int: 11    God:
Gold:   208        SH:  9    Dex: 20    Spells: 5/5 levels left

rFire    . . .     SeeInvis .   s - +2 club (spect)
rCold    + . .     Faith    .   t - +0 buckler
rNeg     . . .     Spirit   .   f - +0 ring mail
rPois    .         Reflect  .   (no helmet)
rElec    .         Harm     .   k - +1 cloak
rCorr    .         Rampage  .   (no gloves)
Will     .....                  (no boots)
Stlth    ++........             (no amulet)
HPRegen  0.16/turn              j - +6 ring of dexterity
MPRegen  0.10/turn              q - ring of protection from cold

@: corroded
A: hooves 2, repulsion field 1, demonic guardian 1, condensation shield
a: no special abilities


You were on level 4 of the Dungeon.
You visited 1 branch of the dungeon, and saw 5 of its levels.

You collected 208 gold pieces.

Inventory:

Hand Weapons
 a - a +0 hand axe
 b - a +0 hunting sling
 s - a +2 spectral club (weapon)
Missiles
 w - a throwing net (quivered)
Armour
 f - a +0 ring mail (worn)
 k - a +1 cloak (worn)
 t - a +0 buckler (worn)
Jewellery
 j - a +6 ring of dexterity (left hand)
 q - a ring of protection from cold (right hand)
Wands
 g - a wand of digging (3)
 u - a wand of polymorph (8)
Scrolls
 c - a scroll of fog
 d - 3 scrolls of magic mapping
 e - 2 scrolls of fear
 h - a scroll of teleportation {unknown}
 i - 5 scrolls of identify {unknown}
 m - a scroll of enchant armour {unknown}
 n - 2 scrolls of vulnerability {unknown}
 o - a scroll of blinking {unknown}
 v - a scroll of amnesia {unknown}
Potions
 l - a potion of ambrosia {unknown}
 p - a potion of mutation {unknown}
 r - a potion of curing


   Skills:
 + Level 4.2 Fighting
 + Level 3.1 Axes
 + Level 2.3 Armour
 + Level 3.1 Dodging
 - Level 4.5 Stealth
 + Level 1.1 Shields


You had 5 spell levels left.
You didn't know any spells.
Your spell library was empty.

Dungeon Overview and Level Annotations

Branches:
Dungeon (5/15)
 Temple: D:4-7

Altars:

Annotations:
D:4 Ijyb


Innate Abilities, Weirdness & Mutations

You have hoof-like feet.
You are surrounded by a mild repulsion field. (EV +2)
A weak demonic guardian rushes to your aid.
A meltable shield of frost defends you. (SH +4)


Message History

There is an open door here.
A ball python comes into view.
The helpless ball python fails to defend itself.
You thump the ball python!
You kill the ball python!
No target in view!
No target in view!
No target in view!
No target in view!
No target in view!
Ijyb the Twisted Goblin comes into view.
She is wielding a +0 dagger and carrying a wand of acid (12).
Ijyb shouts!
Ijyb zaps a wand.
The bolt of acid hits you!!
A demonic guardian appears!
You are splashed with acid.
The bolt of acid hits your white imp!
Your white imp is splashed with acid.
The acid corrodes your white imp!
Your white imp dies!
You are too injured to fight recklessly!
You are too injured to fight recklessly!
You are too injured to fight recklessly!
You are too injured to fight recklessly!
You are too injured to fight recklessly!
You are too injured to fight recklessly!
You are too injured to fight recklessly!
You are too injured to fight recklessly!
You are too injured to fight recklessly!
Throw: 2 throwing nets
Press: ? - help, Q - select action, (/) - cycle Shift-Dir - straight line, f - Ijyb
Aim: Ijyb, wielding a +0 dagger, wearing a +0 ring mail and carrying a wand of acid (11) (61% to hit)
You throw a throwing net. The throwing net hits Ijyb.
Ijyb is caught in the net!
Ijyb screams, "I dance on your bones!"
Ijyb struggles against the net.
You are too injured to fight recklessly!
You are too injured to fight recklessly!
You are too injured to fight recklessly!
Ijyb struggles against the net.
Ijyb zaps a wand.
The bolt of acid hits you!
* * * LOW HITPOINT WARNING * * *
The acid corrodes you!
You are splashed with acid!
You die...

#.#####....#
.....#######......#
.....# #.......
.....# #......#
.....# #......#
.....# #.....#
.....###### #..g..#
..........# #.....#
#####.....###...@.#
....'......##.....#
#####......##.....#
########.#.##.....#
.........#.######.#
########.#.# #.#
#.#.# #.# #.#.# #.#
#.#.# #.#


You could see Ijyb (caught).

Vanquished Creatures
  A phantom (D:4)
  A hound (D:4)
  Jessica (D:3)
  3 gnolls (D:4)
  4 adders (D:3)
  A worm (D:2)
  3 dart slugs
  7 ball pythons
  4 endoplasms
  6 giant cockroaches
  5 goblins
  6 hobgoblins
  10 jackals
  4 kobolds
  5 quokkas
  6 bats
  4 rats
71 creatures vanquished.

Vanquished Creatures (collateral kills)
  A bat (D:1)
  A quokka (D:1)
  A frilled lizard (D:1)
3 creatures vanquished.

Grand Total: 74 creatures vanquished

Notes
Turn   | Place    | Note
-------+----------+-------------------------------------------
     0 | D:5      | flotson the Demonspawn Delver began the quest for the Orb.
     0 | D:5      | Reached XP level 1. HP: 18/18 MP: 1/1
   172 | D:3      | Noticed Jessica
   339 | D:3      | Gained mutation: You are surrounded by a mild repulsion
                  | field. (EV +2) [demonic ancestry]
   339 | D:3      | Reached XP level 2. HP: 24/24 MP: 2/2
   367 | D:3      | Reached skill level 1 in Armour
   639 | D:3      | Gained mutation: A weak demonic guardian rushes to your
                  | aid. [demonic ancestry]
   639 | D:3      | Reached XP level 3. HP: 27/29 MP: 3/3
  1555 | D:1      | Found a faded altar of an unknown god.
  2025 | D:1      | Gained mutation: You have large cloven feet. [demonic
                  | ancestry]
  2025 | D:1      | Reached XP level 4. HP: 32/35 MP: 4/4
  2841 | D:3      | Killed Jessica
  3129 | D:3      | Gained mutation: You have hoof-like feet. [demonic
                  | ancestry]
  3129 | D:3      | Reached XP level 5. HP: 42/42 MP: 5/5
  3841 | D:4      | Noticed a phantom
  3853 | D:4      | Killed a phantom
  3854 | D:4      | Reached skill level 1 in Shields
  3854 | D:4      | Gained mutation: A meltable shield of frost defends you.
                  | (SH +4) [demonic ancestry]
  3854 | D:4      | Reached XP level 6. HP: 40/48 MP: 6/6
  3968 | D:4      | Noticed Ijyb
  3973 | D:4      | Splashed by Ijyb's acid

Illustrated notes

Levels and vault maps discovered:
D:1:      shiori_arrival_maze, layout_basic, hellmonk_ecumenical_altar_zigzags,
          minmay_fountain_box, serial_park_tiny_pond
D:2:      layout_basic, minmay_misc_feat_enclosed
D:3:      layout_basic, uniq_jessica
D:4:      layout_basic, uniq_crazy_yiuf_cottage, uniq_ijyb, uniq_pikel
D:5:      layout_cave_pods, portal_sewer_entry_f, minmay_misc_feat_secret_circle

Skill      XL: |  1  2  3  4  5 |
---------------+----------------+-----
Axes           | 2 3 |  3.1
Dodging        | 2 3 |  3.1
Armour         | 1 2 |  2.3
Fighting       | 4 |  4.2
Shields        | 1 |  1.1
Stealth        | |  4.5

Action                   |  1- 3 |  4- 6 || total
-------------------------+-------+-------++-------
Melee: Hand axe          |   160 |    46 ||   206
       Kick              |       |    32 ||    32
       Club              |       |    39 ||    39
Throw: Throwing net      |       |     1 ||     1
  Use: Potion            |     1 |       ||     1
 Stab: Sleeping          |    10 |     6 ||    16
       Distracted        |     1 |     3 ||     4
Armor: Leather armour    |    24 |       ||    24
       Ring mail         |    37 |    16 ||    53
Dodge: Dodged            |   134 |    49 ||   183
Block: Buckler           |       |     2 ||     2

Table legend: (Time is in decaauts)
 A = Elapsed time spent in this place.
 B = Non-inter-level travel time spent in this place.
 C = Inter-level travel time spent in this place.
 D = Time resting spent in this place.
 E = Time spent auto-exploring this place.
 F = Levels seen in this place.
 G = Mean time per level.
                   A        B        C        D        E       F      G
               +--------+--------+--------+--------+--------+-----+--------+
         Total |   4003 |   3915 |     88 |      0 |   3237 |   5 |  800.6 |
       Dungeon |   4003 |   3915 |     88 |      0 |   3237 |   5 |  800.6 |
               +--------+--------+--------+--------+--------+-----+--------+

Top non-repeatable levels by time:
     D:3: 1232 daAuts
     D:2: 1167 daAuts
     D:1: 931 daAuts
     D:4: 565 daAuts
     D:5: 107 daAuts
